 Dungeon Crawl Stone Soup version 0.28.0-43-g3370ac3207 (webtiles) character file.

Game seed: 1603966738086919839

27315 terff the Spear-Bearer (level 13, -9/171 HPs)
             Began as a Hill Orc Fighter on Apr 1, 2022.
             Was a High Priest of Okawaru.
             Mangled by a tarantella (10 damage)
             ... led by a torpor snail
             ... on level 2 of the Spider Nest.
             The game lasted 00:33:22 (19104 turns).

terff the Spear-Bearer (Hill Orc Fighter)          Turns: 19104, Time: 00:33:22

Health: -9/171     AC: 26    Str: 26      XL:     13   Next: 31%
Magic:  0/4        EV:  2    Int:  8      God:    Okawaru [*****.]
Gold:   2263       SH:  0    Dex: 12 (14) Spells: 12/12 levels left

rFire   + . .      SeeInvis .   r - +11 spear of Hofrafis {antimagic, rN+}
rCold   . . .      Faith    .   B - +0 kite shield
rNeg    + . .      Spirit   +   (armour currently unavailable)
rPois   +          Reflect  .   (helmet currently unavailable)
rElec   .          Harm     .   (cloak currently unavailable)
rCorr   +          Rampage  .   (gloves currently unavailable)
Will    .....      NoTele   +   (boots currently unavailable)
Stlth   +.........              F - amulet "Uvurph" {Spirit rCorr}
HPRegen 0.38/turn               k - ring of protection from fire
MPRegen 0.09/turn               l - +6 ring of strength

@: confused, mighty, tree-form, slowed, very slow
A: stationary, stasis, torment immunity, boosted hp
a: Renounce Religion, Heroism, Finesse, Duel


You were on level 2 of the Spider Nest.
You worshipped Okawaru.
Okawaru was extremely pleased with you.
You were a tree.
You visited 4 branches of the dungeon, and saw 18 of its levels.
You also visited: Bailey.

You collected 2467 gold pieces.
You spent 204 gold pieces at shops.

Inventory:

Hand Weapons
 r - the +11 spear of Hofrafis (weapon) {antimagic, rN+}
   (You found it on level 5 of the Dungeon)

   It reduces the magical energy of the wielder, and disrupts the spells and
   magical abilities of those it strikes.
   Natural abilities and divine invocations are not affected.
   rN:        It protects you from negative energy.
Missiles
 c - 2 throwing nets
Armour
 g - the +0 helmet "Qysum" (melded) {rElec Will+}
   (You acquired it on level 3 of the Dungeon)

   rElec:     It insulates you from electricity.
   Will:      It increases your willpower.
 p - a +2 ring mail of cold resistance
 B - a +0 kite shield (worn)
 G - a +4 chain mail of poison resistance
 J - a +0 pair of boots (melded)
 L - a +2 cloak of poison resistance (melded)
 Q - a scarf of resistance
 R - the +6 scale mail "Paesydit" (melded) {Contam Int+3 Dex+9}
   (You found it on level 11 of the Dungeon)

   Int:       It affects your intelligence (+3).
   Dex:       It affects your dexterity (+9).
   Contam:    It causes magical contamination when unequipped.
Jewellery
 k - a ring of protection from fire (left branch)
 l - a +6 ring of strength (right branch)
 w - a +6 ring of intelligence
 x - a ring of see invisible
 D - a +6 ring of intelligence
 E - a ring of magical power
 F - the amulet "Uvurph" (around neck) {Spirit rCorr}
   (You found it on level 8 of the Dungeon)

   [amulet of guardian spirit]

   It causes incoming damage to be divided between your reserves of health and
   magic.
   rCorr:     It protects you from acid and corrosion.
 K - a ring of flight
 P - a ring of fire
Wands
 f - a wand of charming (2)
 y - a wand of acid (11)
 T - a wand of polymorph (4)
Scrolls
 a - a scroll of magic mapping
 b - 2 scrolls of teleportation
 j - a scroll of blinking
 A - a scroll of immolation
 C - 2 scrolls of fog
 N - 4 scrolls of amnesia
 U - a scroll of silence {unknown}
Potions
 e - 5 potions of resistance
 h - 2 potions of brilliance
 i - 3 potions of invisibility
 m - 2 potions of magic
 o - 5 potions of haste
 q - a potion of experience {unknown}
 s - 2 potions of lignification
 t - 2 potions of mutation
 u - 2 potions of berserk rage
 v - 7 potions of curing
 z - 3 potions of cancellation
 M - 2 potions of degeneration {unknown}
 O - 2 potions of flight
Miscellaneous
 H - a lightning rod (4/4)
 I - a lightning rod (4/4)


   Skills:
 + Level 10.5 Fighting
 + Level 11.1(14.1) Axes
 + Level 12.0(13.3) Polearms
 + Level 11.1 Armour
 + Level 6.1 Dodging
 + Level 3.4 Stealth
 + Level 10.5 Shields
 + Level 0.3 Evocations


You had 12 spell levels left.
You didn't know any spells.
Your spell library contained the following spells:

 Spells                   Type           Power      Damage    Failure   Level
 Apportation              Tloc           0%         N/A       67%         1
 Beastly Appendage        Tmut           0%         N/A       67%         1
 Blink                    Tloc           0%         N/A       82%         2
 Wereblood                Tmut           0%         N/A       82%         2
 Dazzling Flash           Conj/Hex       0%         N/A       96%         3
 Spider Form              Tmut/Pois      0%         N/A       96%         3
 Leda's Liquefaction      Hex/Erth       0%         N/A       100%        4
 Passage of Golubria      Tloc           0%         N/A       100%        4
 Agony                    Necr           0%         N/A       100%        5
 Alistair's Intoxication  Tmut/Pois      0%         N/A       100%        5
 Lee's Rapid Deconstruct  Erth           0%         3d5*      100%        5
 Manifold Assault         Tloc           0%         N/A       100%        5
 Silence                  Hex/Air        0%         N/A       100%        5
 Yara's Violent Unravell  Hex/Tmut       0%         3d3       100%        5
 Statue Form              Tmut/Erth      0%         N/A       100%        6
 Storm Form               Tmut/Air       0%         N/A       100%        7
 Animate Skeleton         Necr           Unusable   N/A       N/A         1
 Summon Small Mammal      Summ           Unusable   N/A       N/A         1
 Tukima's Dance           Hex            Unusable   N/A       N/A         3

Dungeon Overview and Level Annotations

Branches:
Dungeon (11/15)            Temple (1/1) D:5            Lair (4/6) D:11
 Shoals (0/4) Lair:4       Spider (2/4) Lair:4          Orc (0/2) D:10
 Bailey (visited)

Altars:
Ashenzari
Cheibriados
Dithmenos
Elyvilon
Fedhas
Gozag
Hepliaklqana
Kikubaaqudgha
Makhleb
Nemelex Xobeh
Okawaru
Qazlal
Ru
Sif Muna
Trog
Uskayaw
Vehumet
Wu Jian
Xom
Yredelemnul
Zin
The Shining One

Shops:
D:8 (   D:9 =   D:10 *


Message History

You hit the torpor snail.
The torpor snail is severely wounded.
You block the tarantella's attack. The torpor snail closely misses you.
You puncture the torpor snail!
The torpor snail is almost dead.
The tarantella seems to regain its courage.
You block the tarantella's attack. x2
You impale the tarantella!!
The tarantella is severely wounded.
You block the tarantella's attack. The tarantella touches you!
* * * LOW HITPOINT WARNING * * *
The boulder beetle curls into a ball and begins rolling!
The torpor snail bites you!
* * * LOW HITPOINT WARNING * * *
The tarantella touches you.
* * * LOW HITPOINT WARNING * * *
The tarantella completely misses you.
You turn into a tree.
Your +2 cloak of poison resistance melds into your body.
The +0 helmet "Qysum" {rElec Will+} melds into your body.
Your +0 pair of boots melds into your body.
The +6 scale mail "Paesydit" {Contam Int+3 Dex+9} melds into your body.
You no longer feel resistant to poison.
Your roots penetrate the ground.
You feel yourself speed up. You block the tarantella's attack.
The tarantella touches you but does no damage.
You block the tarantella's attack.
The tarantella touches you but does no damage.
Being near the torpor snail leaves you feeling lethargic.
You closely miss the tarantella.
The tarantella is severely wounded.
You feel yourself speed up.
The tarantella touches you but does no damage.
The tarantella touches you!
* * * LOW HITPOINT WARNING * * *
You are confused.
The torpor snail bites you but does no damage.
Being near the torpor snail leaves you feeling lethargic.
The tarantella touches you!
You die...

### #.
s...#.
#..#.
.#.^^.####
#........#
........
#.###.<.##
#.....s..#
#s.^##♣w##
. #..sw##
#...○B.^
...#○..#..
##..°..
... ...°.#
#..#
..#..# ...
#.#.^ .#..


You could see a boulder beetle (rolling), 2 torpor snails and 2 tarantellas.

Vanquished Creatures
  3 hydras
  3 two-headed ogres
  2 centaur warriors (D:8)
  A tengu warrior (D:11)
  A deep elf pyromancer (D:8)
  A manticore (D:7)
  2 ugly things
  A cyclops (D:8)
  2 black mambas (Lair:1)
  7 cane toads
  Maggie (Lair:2)
  A demonic crawler (Lair:4)
  4 komodo dragons
  A tengu conjurer (D:11)
  2 rime drakes
  4 trolls
  4 merfolk
  A polar bear (Lair:4)
  A slime creature (D:8)
  Grinder (D:5)
  3 jumping spiders (Lair:4)
  A culicivora (Lair:4)
  22 yaks
  2 wraiths
  A basilisk (Lair:4)
  2 steam dragons
  9 redbacks (Lair:4)
  Menkaure (D:5)
  A warg (D:10)
  7 water moccasins
  2 acid dragons (D:9)
  4 orc warriors
  2 black bears (D:4)
  4 sky beasts
  10 wolves
  An ogre (D:5)
  4 centaurs
  3 phantoms
  5 kobold brigands
  8 bullfrogs
  2 gnoll sergeants
  2 scorpions (D:5)
  5 killer bees
  2 howler monkeys
  8 wights
  An electric eel (Lair:3)
  2 bullfrog zombies
  3 jellies
  2 centaur zombies
  A hound (D:5)
  An orc priest (D:10)
  2 bullfrog skeletons
  4 orc wizards
  A scorpion zombie (D:5)
  5 iguanas
  5 hell rats (Lair:1)
  19 gnolls
  3 adders
  6 white imps
  An ufetubus (D:4)
  A worm (D:3)
  A dart slug (D:3)
  30 orcs
  8 ball pythons
  6 bats
  6 endoplasms
  3 giant cockroaches
  8 goblins
  2 hobgoblins
  5 quokkas
  3 frilled lizards
  20 kobolds
  8 rats
311 creatures vanquished.

Vanquished Creatures (collateral kills)
  An orc knight (Bailey)
1 creature vanquished.

Vanquished Creatures (others)
  An unseen horror (D:8)
  A gnoll (Bailey)
  2 fungi
  11 plants
15 creatures vanquished.

Grand Total: 327 creatures vanquished

Notes
Turn   | Place    | Note
-------+----------+-------------------------------------------
     0 | D:1      | terff the Hill Orc Fighter began the quest for the Orb.
     0 | D:1      | Reached XP level 1. HP: 19/19 MP: 1/1
   476 | D:1      | Reached XP level 2. HP: 27/27 MP: 2/2
   620 | D:1      | Found a faded altar of an unknown god.
  1132 | D:2      | Reached XP level 3. HP: 29/33 MP: 3/3
  1192 | D:2      | Found a sparkling altar of Nemelex Xobeh.
  1567 | D:3      | Reached XP level 4. HP: 40/40 MP: 4/4
  1857 | D:3      | Reached XP level 5. HP: 46/46 MP: 5/5
  1882 | D:3      | Found a sparkling altar of Nemelex Xobeh.
  1971 | D:3      | Found a faded altar of an unknown god.
  1981 | D:3      | Found a shimmering blue altar of Sif Muna.
  2147 | D:3      | Identified a scroll of acquirement
  2147 | D:3      | Acquired the +0 helmet "Qysum" {rElec Will+}
  2462 | D:3      | Found a snail-covered altar of Cheibriados.
  2738 | D:4      | Found a hide-covered altar of Uskayaw.
  2755 | D:4      | Reached skill level 1 in Dodging
  2757 | D:4      | Noticed a black bear
  2773 | D:4      | Killed a black bear
  2774 | D:4      | Reached skill level 5 in Axes
  2774 | D:4      | Reached XP level 6. HP: 34/53 MP: 6/6
  2897 | D:4      | Found a broken altar of Ashenzari.
  2986 | D:4      | Found a white marble altar of Elyvilon.
  3468 | D:4      | Noticed a black bear
  3477 | D:4      | Killed a black bear
  3478 | D:4      | Reached XP level 7. HP: 55/60 MP: 7/7
  3611 | D:5      | Entered Level 5 of the Dungeon
  3621 | D:5      | Noticed Grinder
  3629 | D:5      | Paralysed by Grinder for 5 turns
  3645 | D:5      | Killed Grinder
  3646 | D:5      | Reached skill level 5 in Armour
  3697 | D:5      | Reached skill level 5 in Fighting
  3702 | D:5      | Reached XP level 8. HP: 52/68 MP: 8/8
  4033 | D:5      | Found a staircase to the Ecumenical Temple.
  4043 | Temple   | Entered the Ecumenical Temple
  4299 | D:5      | Identified the +11 spear of Hofrafis {antimagic, rN+}
  4313 | D:5      | Noticed Menkaure
  4321 | D:5      | Killed Menkaure
  4369 | D:5      | Reached skill level 10 in Axes
  4635 | D:6      | Reached skill level 1 in Polearms
  4637 | D:6      | Reached XP level 9. HP: 61/75 MP: 3/9
  5000 | D:6      | Reached skill level 2 in Polearms
  5014 | D:6      | Reached skill level 1 in Stealth
  5275 | D:7      | Reached skill level 3 in Polearms
  5286 | D:7      | Found an opulent altar of Gozag.
  5348 | D:7      | Found a blossoming altar of Fedhas.
  5367 | D:7      | Found a flagged portal.
  5390 | Bailey   | Entered a bailey
  5598 | Bailey   | Acquired 675 gold pieces
  5837 | Bailey   | Noticed an orc knight
  5844 | Bailey   | Killed an orc knight
  5845 | Bailey   | Reached skill level 4 in Polearms
  5845 | Bailey   | Reached skill level 5 in Shields
  6282 | D:7      | Reached skill level 5 in Polearms
  6663 | D:7      | Noticed a manticore
  6675 | D:7      | Killed a manticore
  6676 | D:7      | Reached XP level 10. HP: 41/86 MP: 3/10
  6785 | D:8      | Reached skill level 6 in Polearms
  6812 | D:8      | HP: 3/86 [wight/+2 trident (7)]
  6813 | D:7      | HP: 1/86 [poisoned by a wight]
  7182 | D:8      | Noticed a two-headed ogre
  7193 | D:8      | Killed a two-headed ogre
  7679 | D:8      | Reached skill level 7 in Polearms
  7891 | D:8      | Noticed a deep elf pyromancer
  7912 | D:8      | Killed a deep elf pyromancer
  7936 | D:8      | Noticed a cyan ugly thing
  7941 | D:8      | Noticed a cyclops
  7949 | D:8      | Killed a cyan ugly thing
  8212 | D:8      | Noticed a two-headed ogre
  8223 | D:8      | Killed a two-headed ogre
  8224 | D:8      | Reached skill level 8 in Polearms
  8224 | D:8      | Reached XP level 11. HP: 58/94 MP: 3/11
  8582 | D:8      | Killed a cyclops
  8907 | D:8      | Noticed a centaur warrior
  8907 | D:8      | Noticed a centaur warrior
  8924 | D:8      | Killed a centaur warrior
  8927 | D:8      | HP: 4/94 [centaur warrior (12)]
  8932 | D:8      | Killed a centaur warrior
  8935 | D:8      | Identified the amulet "Uvurph" {Spirit rCorr}
  9340 | D:8      | Found Tizxes's Weapon Shop.
  9631 | D:9      | Reached skill level 9 in Polearms
  9869 | D:9      | Found Recebb's Jewellery Shop.
 10442 | D:10     | Entered Level 10 of the Dungeon
 10480 | D:10     | Found Sidyleogh's Assorted Antiques.
 10486 | D:10     | Bought a scroll labelled ZIETWAFRUERO for 24 gold pieces
 10487 | D:10     | Bought a glowing cloak for 180 gold pieces
 10578 | D:10     | Found an ancient bone altar of Kikubaaqudgha.
 10578 | D:10     | Found an iron altar of Okawaru.
 10885 | D:10     | Noticed a two-headed ogre
 10900 | D:10     | Killed a two-headed ogre
 11422 | D:10     | Found a staircase to the Orcish Mines.
 11486 | D:10     | Became a worshipper of Warmaster Okawaru
 11697 | D:10     | Found a basalt altar of Yredelemnul.
 11881 | D:11     | Noticed a seven-headed hydra
 11897 | D:11     | Killed a seven-headed hydra
 11908 | D:11     | Reached skill level 5 in Dodging
 11951 | D:11     | Reached * piety under Okawaru
 12364 | D:11     | Noticed a cyan ugly thing
 12374 | D:11     | Killed a cyan ugly thing
 12375 | D:11     | Reached XP level 12. HP: 83/104 MP: 4/12
 12479 | D:11     | Noticed a tengu warrior
 12498 | D:11     | Killed a tengu warrior
 12846 | D:11     | Reached skill level 10 in Polearms
 12858 | D:11     | Noticed a catoblepas
 13274 | D:11     | Found a staircase to the Lair.
 13303 | D:11     | Identified the +6 scale mail "Paesydit" {Contam Int+3
                  | Dex+9}
 13305 | D:11     | Acquired 1099 gold pieces
 13350 | Lair:1   | Entered Level 1 of the Lair of Beasts
 13364 | Lair:1   | Reached skill level 10 in Armour
 13422 | Lair:1   | Reached ** piety under Okawaru
 14042 | Lair:1   | Noticed an eight-headed hydra
 14379 | Lair:2   | Found a basalt altar of Yredelemnul.
 14416 | Lair:2   | Noticed Maggie
 14427 | Lair:2   | Killed Maggie
 15028 | Lair:3   | Reached *** piety under Okawaru
 15502 | Lair:3   | Noticed a five-headed hydra
 15518 | Lair:3   | Killed a five-headed hydra
 15661 | Lair:3   | Reached **** piety under Okawaru
 15721 | Lair:3   | Reached skill level 11 in Polearms
 16439 | Lair:4   | Found a hole to the Spider Nest.
 16748 | Lair:4   | Reached skill level 10 in Fighting
 16912 | Lair:4   | Found a staircase to the Shoals.
 17199 | Lair:4   | Reached XP level 13. HP: 92/113 MP: 3/13
 17716 | Lair:4   | Reached ***** piety under Okawaru
 17717 | Lair:4   | Reached skill level 10 in Shields
 18294 | Lair:4   | Identified the +1 plate armour of Wamof {Str+6 Dex+2}
                  | (Okawaru gifted it to you on level 4 of the Lair of Beasts)
 18294 | Lair:4   | Received a gift from Okawaru
 18348 | Spider:1 | Entered Level 1 of the Spider Nest
 18362 | Lair:4   | Reached skill level 12 in Polearms
 19104 | Spider:2 | HP: 1/171 [tarantella (11)]
 19104 | Spider:2 | Mangled by a tarantella

Illustrated notes

Levels and vault maps discovered:
D:1:      enne_arrival_octagon_isle, layout_basic,
          shapermc_ecumenical_altar_acropolis
D:2:      layout_rooms, basic_altar, minmay_misc_feat_nine_boxes,
          minmay_misc_feat_cross
D:3:      layout_loops_corners, mainiacjoe_overflow_concentric_impassable,
          nicolae_overflow_ecumenical_swirl, slow_altar_1,
          kennysheep_generic_room_10
D:4:      layout_basic, lemuel_crystal_altar, old_standard_altar,
          cheibrodos_ashenzari_chains
D:5:      layout_cave_pools, minmay_temple_entry_drinking_statues,
          grunt_decor_mini_mirrors, uniq_menkaure, uniq_grinder
D:6:      layout_rooms
D:7:      layout_rooms, mainiacjoe_overflow_paths, mainiacjoe_overflow_catwalk,
          enter_bailey_3, minmay_three_doors
D:8:      minmay_the_grid_plus_closed [minmay_the_grid_eight,
          minmay_the_grid_embedded, minmay_the_grid_spikes,
          minmay_the_grid_expand, minmay_the_grid_prize_shrinking_boxes],
          layout_cave_pools, serial_shops, kennysheep_little_box,
          minmay_unpleasant_kobolds
D:9:      layout_loops_ring, serial_shops, nicolae_lakefront_shop
D:10:     layout_roguey, nicolae_overflow_hidden_temple,
          mainiacjoe_overflow_divided_tiny, david_orc_1_choice, serial_shops,
          shop
D:11:     minmay_tri_box, layout_gridville, lair_entry_dummy
Temple:   jpeg_temple_clearing
Lair:1:   layout_loops_ring
Lair:2:   layout_roguey, basic_altar, chequers_serial_rivers_micro_c,
          minivault_19, uniq_maggie
Lair:3:   layout_gridlike, serial_forest, infiniplex_forest_fountain,
          infiniplex_forest_clump_small, infiniplex_forest_lined_ring,
          infiniplex_forest_clump_diagonal, infiniplex_forest_lined_2,
          infiniplex_forest_clump_double, infiniplex_forest_clump_curved,
          infiniplex_forest_lined_2, infiniplex_forest_lined_room_2,
          infiniplex_forest_lined_2, serial_bayou_ford_a, serial_bayou_shore_b
Lair:4:   layout_cave_pods, elwin_shoals_entry_stream,
          nicolae_spider_entry_tight_spaces, beast_lair_carwin_1
Spider:1: layout_spider_delve
Spider:2: layout_spider_delve, gammafunk_ghost_arena,
          nicolae_spider_twisty_arc_passages

Skill      XL: |  1  2  3  4  5  6  7  8  9 10 11 12 13 |
---------------+----------------------------------------+-----
Axes           | 3 4 5 6 8 10 11 | 11.1
Fighting       | 4 5 7 9 10 | 10.5
Armour         | 4 5 6 8 9 10 11 | 11.1
Dodging        | 1 2 3 4 5 6 |  6.1
Shields        | 4 5 6 8 9 10 | 10.5
Polearms       | 1 5 8 9 11 12 | 12.0
Stealth        | 2 3 |  3.4
Evocations     | |  0.3

Action                   |  1- 3 |  4- 6 |  7- 9 | 10-12 | 13-15 || total
-------------------------+-------+-------+-------+-------+-------++-------
Melee: War axe           |    91 |   119 |    52 |       |       ||   262
       Spear             |       |       |   163 |   772 |   199 ||  1134
Evoke: Wand              |       |     1 |     1 |       |       ||     2
  Use: Scroll            |     4 |     5 |     8 |    12 |     2 ||    31
       Potion            |     1 |       |     1 |     7 |     4 ||    13
 Stab: Sleeping          |       |       |     2 |       |       ||     2
       Distracted        |       |       |       |     1 |       ||     1
Armor: Scale mail        |    57 |    78 |    19 |   112 |   128 ||   394
       Ring mail         |       |       |    47 |   105 |       ||   152
       Chain mail        |       |       |       |   111 |       ||   111
       Skin              |       |       |       |       |     4 ||     4
Dodge: Dodged            |    51 |    80 |    96 |   310 |    96 ||   633
Block: Buckler           |    25 |    34 |    51 |    31 |       ||   141
       Kite shield       |       |       |       |   403 |   180 ||   583
